 Dungeon Crawl Stone Soup version 0.27-a0-1196-g3e9cee4cb2 (webtiles) character file.

Game seed: 13598142013117314932

180574 mandarbmax the Tainter (level 17, -1/146 HPs)
             Began as a Demonspawn Venom Mage on May 29, 2021.
             Was the Champion of Ashenzari.
             Slain by an earth elemental (22 damage)
             ... summoned by a ghostly deep elf elementalist
             ... on level 3 of the Elven Halls on May 30, 2021.
             The game lasted 02:34:55 (46875 turns).

mandarbmax the Tainter (Demonspawn Venom Mage)     Turns: 46875, Time: 02:34:56

Health: -1/146     AC: 11    Str: 14    XL:     17   Next: 64%
Magic:  2/31       EV: 29    Int: 30    God:    Ashenzari [******]
Gold:   172        SH: 22    Dex: 24    Spells: 4/36 levels left

rFire    + + .     SeeInvis +   L - +5 dagger of Ashenzari's Repose {venom, Str+4 Dex+3, Bglg, Self} (curse)
rCold    + . .     Faith    .   K - +3 kite shield "Overhang to Understand" {rPois, Elem, Bglg} (curse)
rNeg     . . .     Spirit   .   S - +1 leather armour "Cursed Awkwardness" {rF+ Int+4, Range, Elem} (curse)
rPois    +         Reflect  +   R - +0 helmet of the Oracular Vision {Int+3, Range, Fort} (curse)
rElec    .         Harm     .   l - scarf of the Manifest Stars {+Inv, Bglg, Comp} (curse)
rCorr    .         Rampage  .   x - +0 pair of gloves "Chained Together" {Will++ Int-2 Dex+5, Comp, Evo} (curse)
Will     +++++     Clarity  +   (boots unavailable)
Stlth    +++++++...             e - amulet of the Restrained Augurer {Reflect SH+5, Bglg, Cun} (curse)
HPRegen  0.00/turn              E - ring "Eternal With Me" {Will++ EV+4, Alch, Comp} (curse)
MPRegen  0.22/turn              m - ring "Malaise of the Ether" {Will+ Int+3, Comp, Evo} (curse)

@: marked, very slightly contaminated, hasted, invisible, very quick
A: hooves 3, rugged brown scales 3, demonic guardian 3, foul stench 2, thin
skeletal structure 1, cold resistance 1, fire resistance 1, screaming 1,
inhibited regeneration, MP-powered wands
a: Renounce Religion, Evoke Invisibility, Shatter the Chains


You were on level 3 of the Elven Halls.
You worshipped Ashenzari.
Ashenzari was exalted by your worship.
You visited 5 branches of the dungeon, and saw 27 of its levels.
You also visited: Ossuary, Gauntlet and Volcano.

You collected 2496 gold pieces.
You spent 2324 gold pieces at shops.

Inventory:

Hand Weapons
 L - the cursed +5 dagger of Ashenzari's Repose (weapon) {venom, Str+4 Dex+3, Bglg, Self}
   (You found it on level 8 of the Dungeon)

   It poisons the flesh of those it strikes.
   It affects your strength (+4).
   It affects your dexterity (+3).
   It has a curse which improves the following skills: Beguiling: Conjurations,
   Hexes and Translocations.
   Introspection: Fighting and Spellcasting.
Missiles
 b - a throwing net
 N - 7 curare-tipped darts
Armour
 l - the cursed scarf of the Manifest Stars (worn) {+Inv, Bglg, Comp}
   (You found it in a Gauntlet)

   It has a curse which improves the following skills: Beguiling: Conjurations,
   Hexes and Translocations.
   Companions: Summonings and Necromancy.
 x - the cursed +0 pair of gloves "Chained Together" (worn) {Will++ Int-2 Dex+5, Comp, Evo}
   (You found it on level 3 of the Lair of Beasts)

   It affects your intelligence (-2).
   It affects your dexterity (+5).
   It greatly increases your willpower.
   It has a curse which improves the following skills: Companions: Summonings
   and Necromancy.
   Evocations: Evocations.
 K - the cursed +3 kite shield "Overhang to Understand" (worn) {rPois, Elem, Bglg}
   (You took it off a gnoll sergeant on level 8 of the Dungeon)

   It has a curse which improves the following skills: Elements: Fire Magic, Ice
   Magic, Air Magic and Earth Magic.
   Beguiling: Conjurations, Hexes and Translocations.
 R - the cursed +0 helmet of the Oracular Vision (worn) {Int+3, Range, Fort}
   (You found it on level 1 of the Lair of Beasts)

   It has a curse which improves the following skills: Ranged Combat: Slings,
   Bows, Crossbows and Throwing.
   Fortitude: Armour and Shields.
 S - the cursed +1 leather armour "Cursed Awkwardness" (worn) {rF+ Int+4, Range, Elem}
   (You found it on level 2 of the Lair of Beasts)

   It affects your intelligence (+4).
   It protects you from fire.
   It has a curse which improves the following skills: Ranged Combat: Slings,
   Bows, Crossbows and Throwing.
   Elements:  Fire Magic, Ice Magic, Air Magic and Earth Magic.
 T - the +2 helmet of the Miller {-Tele Int+5}
   (You found it on level 2 of the Lair of Beasts)

   It affects your intelligence (+5).
   It prevents most forms of teleportation.
Jewellery
 e - the cursed amulet of the Restrained Augurer (around neck) {Reflect SH+5, Bglg, Cun}
   (You found it on level 6 of the Dungeon)

   [amulet of reflection]

   It reflects blocked missile attacks.
   It affects your SH (+5).
   It has a curse which improves the following skills: Beguiling: Conjurations,
   Hexes and Translocations.
   Cunning:   Dodging and Stealth.
 k - the ring "Trusted Companion" {rC+ AC+4 Int+5 Stlth-}
   (You found it on level 15 of the Dungeon)

   [ring of protection]

   It affects your AC (+4).
   It affects your intelligence (+5).
   It protects you from cold.
   It makes you less stealthy.
 m - the cursed ring "Malaise of the Ether" (right hand) {Will+ Int+3, Comp, Evo}
   (You found it on level 2 of the Orcish Mines)

   [ring of willpower]

   It affects your intelligence (+3).
   It increases your willpower.
   It has a curse which improves the following skills: Companions: Summonings
   and Necromancy.
   Evocations: Evocations.
 w - the ring of Gocadd {AC+4 Dex+3}
   (You found it in a Gauntlet)

   [ring of protection]

   It affects your AC (+4).
   It affects your dexterity (+3).
 E - the cursed ring "Eternal With Me" (left hand) {Will++ EV+4, Alch, Comp}
   (You bought it in a shop on level 7 of the Dungeon)

   [ring of evasion]

   It affects your evasion (+4).
   It greatly increases your willpower.
   It has a curse which improves the following skills: Alchemy: Poison Magic and
   Transmutations.
   Companions: Summonings and Necromancy.
Wands
 a - a wand of flame (49)
 p - a wand of charming (11)
 r - a wand of polymorph (7)
 y - a wand of mindburst (37)
 z - a wand of acid (8)
 M - a wand of digging (21)
 P - a wand of paralysis (15)
 X - a wand of iceblast (13)
Scrolls
 d - 2 scrolls of blinking
 i - 2 scrolls of amnesia
 j - 5 scrolls of fog
 q - 2 scrolls of summoning
 s - a scroll of magic mapping
 B - 9 scrolls of teleportation
 Q - a scroll of silence
 W - a scroll of fear
Potions
 c - 8 potions of curing
 f - a potion of resistance
 h - 2 potions of might
 n - 3 potions of haste
 t - 6 potions of flight
 u - 7 potions of brilliance
 A - a potion of ambrosia
 C - 4 potions of invisibility
 F - 4 potions of berserk rage
 H - a potion of heal wounds
 I - 2 potions of magic
Miscellaneous
 g - a tin of tremorstones (1/2)
 o - a box of beasts (inert)
 v - a lightning rod (4/4)


   Skills:
 - Level 10.5(13.3) Fighting
 - Level 1.8(2.2) Short Blades
 - Level 1.7(2.1) Long Blades
 - Level 10.2(13.0) Armour
 - Level 12.3(15.0) Dodging
 + Level 10.5(13.3) Stealth
 - Level 12.3(15.0) Shields
 - Level 6.9(10.0) Spellcasting
 - Level 5.0(11.6) Conjurations
 - Level 1.6(6.1) Hexes
 - Level 7.2(14.0) Necromancy
 - Level 7.2(10.3) Transmutations
 - Level 2.0(5.3) Fire Magic
 - Level 12.6(15.3) Poison Magic
 - Level 7.5(12.0) Evocations


You had 4 spell levels left.
You knew the following spells:

 Your Spells              Type           Power      Damage    Failure   Level
a - Sting                 Tmut/Pois      100%       1d8       1%          1
b - Poisonous Vapours     Pois/Air       100%       N/A       1%          2
c - Ignite Poison         Fire/Tmut/Pois 67%        N/A       1%          3
d - Mephitic Cloud        Conj/Pois/Air  63%        N/A       1%          3
e - Olgreb's Toxic Radia  Pois           82%        N/A       1%          4
f - Agony                 Necr           78%        N/A       1%          5
g - Irradiate             Conj/Tmut      34%        3d24      1%          5
h - Yara's Violent Unrav  Hex/Tmut       29%        3d12      3%          5
z - Animate Dead          Necr           39%        N/A       1%          4

Your spell library contained the following spells:

 Spells                   Type           Power      Damage    Failure   Level
 Animate Skeleton         Necr           100%       N/A       0%          1
 Pain                     Necr           100%       1d9       0%          1
 Corona                   Hex            56%        N/A       1%          1
 Magic Dart               Conj           100%       1d8       1%          1
 Ensorcelled Hibernation  Hex/Ice        70%        N/A       1%          2
 Slow                     Hex            51%        N/A       1%          2
 Confusing Touch          Hex            51%        N/A       1%          3
 Conjure Flame            Conj/Fire      60%        6-21      1%          3
 Dazzling Flash           Conj/Hex       100%       N/A       1%          3
 Tukima's Dance           Hex            51%        N/A       1%          3
 Vampiric Draining        Necr           39%        2d11      1%          3
 Blink                    Tloc           N/A        N/A       3%          2
 Call Imp                 Summ           21%        N/A       3%          2
 Petrify                  Tmut/Erth      48%        N/A       4%          4
 Gell's Gravitas          Tloc           10%        N/A       8%          3
 Leda's Liquefaction      Hex/Erth       17%        N/A       10%         4
 Blade Hands              Tmut           33%        N/A       9%          6
 Metabolic Englaciation   Hex/Ice        17%        N/A       26%         5
 Dragon Form              Tmut           33%        N/A       43%         7
 Statue Form              Tmut/Erth      32%        N/A       54%         6
 Lee's Rapid Deconstruct  Erth           9%         3d8*      63%         5


Dungeon Overview and Level Annotations

Branches:
Dungeon (15/15)            Temple (1/1) D:7            Lair (6/6) D:10
 Shoals (0/4) Lair:2       Spider (0/4) Lair:3        Slime (0/5) Lair:6
    Orc (2/2) D:9             Elf (3/3) Orc:2        Vaults (0/5) D:13
 Depths (0/5) D:15        Ossuary (visited)         Volcano (visited)
Gauntlet (visited)

Altars:
Ashenzari
Cheibriados
Dithmenos
Elyvilon
Fedhas
Gozag
Hepliaklqana
Kikubaaqudgha
Makhleb
Nemelex Xobeh
Okawaru
Qazlal
Ru
Sif Muna
Trog
Uskayaw
Vehumet
Wu Jian
Xom
Yredelemnul
Zin
The Shining One
Beogh
Jiyva

Shops:
D:1 [   D:2 (   D:6 (   D:7 =   D:15 *   Orc:1 (   Orc:2 [*(!   Elf:2 (![(
Elf:3 *

Annotations:
D:3 Menkaure
D:7 exclusion: statue
D:12 1 runed translucent door


Innate Abilities, Weirdness & Mutations

You have hooves in place of feet.
You are completely covered in rugged brown scales. (AC +3, +7% HP)
A powerful demonic guardian rushes to your aid.
You sometimes emit foul miasma when damaged in melee.
You have a somewhat thin skeletal structure. (Dex +2, Stealth+)
Your flesh is cold resistant. (rC+)
Your flesh is heat resistant. (rF+)
You occasionally shout uncontrollably at your foes.
You do not regenerate when monsters are visible.
You expend magic power (3 MP) to strengthen your wands.


Message History

You destroy the ghostly deep elf annihilator!
The burst of rock shards engulfs the deep elf blademaster!
The burst of rock shards engulfs you!
The burst of rock shards engulfs the +0 mace of protection.
The burst of rock shards engulfs the deep elf blademaster!!
The burst of rock shards engulfs the ghostly deep elf elementalist!
The burst of rock shards engulfs the ghostly deep elf death mage!!
The burst of rock shards engulfs the deep elf blademaster!
The burst of rock shards engulfs the deep elf blademaster!!
You kill the deep elf blademaster!
The burst of rock shards engulfs the +0 mace of protection but does no damage.
The burst of rock shards engulfs the +1 antimagic dire flail!
The burst of rock shards engulfs you but does no damage.
The burst of rock shards engulfs the ghostly deep elf elementalist!
The deep elf master archer shoots an arrow.
The arrow hits the +1 antimagic dire flail!!
The +1 antimagic dire flail falls from the air.
Your life force feels restored.
Your base Stealth skill increases to level 10!
Unknown command.
The deep elf master archer looks more healthy.
The ghostly deep elf elementalist gestures at you while chanting.
Some walls begin to move on their own!
Unknown command.
The deep elf master archer shoots an arrow.
The arrow hits the +0 mace of protection!!
The +0 mace of protection falls from the air.
Unknown command.
The deep elf death mage beckons forth a restless soul!
You hit the deep elf blademaster.
The deep elf blademaster looks as sick as possible!
Your kick misses the deep elf blademaster.
The deep elf blademaster is severely wounded.
The deep elf blademaster hits you with a +0 rapier!
* * * LOW HITPOINT WARNING * * *
The deep elf blademaster hits you with a +0 rapier!
* * * LOW HITPOINT WARNING * * *
A demonic guardian appears!
You emit a cloud of foul miasma!
The earth elemental hits you!!
You die...

#####.################...
####<..###############...
####....'............'.).
###.....##############...
###.....################.
#######.#################
######.#################
####E###### ######
####.@##### #
#####Ee.#### #####2.#####
#####e)##### #####E#####
###....).)..###
**#.....ee*{....##*
**,.....){.e)......**
**,,...##..{e{##....,**


You could see a deep elf blademaster (extremely poisoned), a deep elf death mage
(poisoned), a ghostly deep elf death mage, 3 earth elementals, a deep elf
pyromancer (poisoned), a lost soul (summoned) and a friendly hell beast
(summoned).

Vanquished Creatures
  4 deep elf blademasters
  A deep elf master archer (Elf:3)
  Kirke (Lair:6)
  An orc warlord (Orc:2)
  A deep elf elementalist (Elf:3)
  A stone giant (D:15)
  A deep elf demonologist (Elf:3)
  4 deep elf annihilators (Elf:3)
  A minotaur (Gauntlet)
  4 deep elf death magi (Elf:3)
  An ettin (Orc:2)
  A fire dragon (Volcano)
  3 deep elf high priests (Elf:3)
  Josephine (Lair:5)
  Fannar (D:10)
  2 boulder beetles
  A rakshasa (D:13)
  An ogre mage (D:15)
  6 hydras
  The ghost of Erudite the Carver, a novice NaGl of Cheibriados (D:12)
  10 two-headed ogres
  3 centaur warriors
  2 tengu warriors
  Urug (D:11)
  29 dancing weapons
  11 death yaks
  The ghost of oc3rt the Destroyer, a journeyman TeCj of Vehumet (Lair:1)
  7 orc high priests
  Sonja (Orc:1)
  9 deep elf knights
  6 skeletal warriors
  A lindwurm (Volcano)
  An orange crystal statue (Gauntlet)
  22 deep elf zephyrmancers
  6 orc knights
  28 deep elf pyromancers
  4 deep elf archers
  6 orc sorcerers
  8 ugly things
  2 oklob plants
  6 cyclopes
  4 slime creatures (D:10)
  7 manticores
  Joseph (D:7)
  4 elephants (Lair:4)
  A cane toad (shapeshifter) (Elf:2)
  5 black mambas
  2 molten gargoyles (Volcano)
  A gargoyle (D:10)
  17 cane toads
  2 minotaur zombies (Gauntlet)
  A rime drake (shapeshifter) (D:15)
  2 rime drakes
  A freezing wraith (D:15)
  10 komodo dragons
  A yaktaur (shapeshifter) (D:14)
  A demonic crawler (Lair:3)
  An unseen horror (D:11)
  A kobold demonologist (D:13)
  3 efreet
  5 yaktaurs (D:13)
  3 tengu conjurers
  A polar bear (shapeshifter) (Elf:1)
  2 polar bears
  6 trolls
  A wind drake (Lair:2)
  The ghost of streetpizza the Ducker, an amateur MfGl (D:4)
  Grinder (D:4)
  3 tyrant leeches (Lair:6)
  15 blink frogs
  Prince Ribbit (D:6)
  7 dream sheep (Lair:5)
  A spectral black mamba (Lair:1)
  A centaur simulacrum (D:14)
  A shadow (D:11)
  An air elemental (Elf:3)
  5 water elementals
  Eustachio (D:4)
  3 wraiths
  4 fire bats (Volcano)
  2 spriggans (Lair:4)
  6 basilisks
  44 yaks
  3 wyverns
  4 fire elementals
  A spectral komodo dragon (Lair:1)
  5 hogs (Lair:6)
  5 steam dragons
  5 neqoxecs (D:12)
  10 vampire mosquitoes
  A spectral cane toad (Lair:1)
  2 swamp worms (Gauntlet)
  Edmund (D:6)
  2 wargs
  3 acid dragons
  14 water moccasins
  Duvessa (D:7)
  49 orc warriors
  2 ice beasts
  A sky beast (D:8)
  5 black bears
  A necrophage (D:7)
  11 ogres
  9 wolves
  13 centaurs
  A phantom (D:6)
  An elf zombie (D:7)
  6 kobold brigands
  19 bullfrogs
  Blork the orc (D:5)
  2 earth elementals
  8 scorpions
  11 gnoll sergeants
  A wyvern zombie (D:9)
  A cane toad simulacrum (Lair:1)
  4 water moccasin zombies
  Dowan (D:7)
  4 wights
  19 killer bees
  2 howler monkeys
  2 centaur zombies
  5 lava snakes (Volcano)
  A bullfrog zombie (D:4)
  28 orc priests
  8 hounds
  A human zombie (D:7)
  2 bullfrog skeletons
  A quasit (D:12)
  4 gnoll shamans
  5 centaur skeletons
  2 jellies
  An iguana (D:3)
  24 orc wizards
  2 hell rats (D:10)
  A killer bee zombie (D:9)
  2 mummies (Ossuary)
  A howler monkey skeleton (D:7)
  27 gnolls
  3 river rats (D:10)
  7 adders
  A shadow imp (D:8)
  3 ufetubi
  3 adder zombies (Ossuary)
  An adder skeleton (D:4)
  A worm (D:3)
  3 dart slugs
  95 orcs
  6 ball pythons
  6 bats
  6 endoplasms
  2 giant cockroaches
  3 goblins
  5 hobgoblins
  17 jackals
  6 quokkas
  3 frilled lizards
  2 gnoll zombies (Ossuary)
  3 hobgoblin zombies (Ossuary)
  6 kobolds
  4 kobold zombies (Ossuary)
  3 orc skeletons (D:7)
  3 orc zombies
  7 rats
926 creatures vanquished.

Vanquished Creatures (collateral kills)
  A catoblepas (Lair:5)
  A deep elf knight (Elf:2)
  2 deep elf zephyrmancers (Elf:2)
  A centaur skeleton (D:13)
  10 cane toads
  A tyrant leech (Lair:6)
  3 blink frogs
  2 dream sheep (Lair:5)
  A centaur simulacrum (D:15)
  4 wraiths
  A yak (Lair:1)
  A basilisk (Lair:2)
  4 vampire mosquitoes
  3 water moccasins
  An orc warrior (Orc:2)
  4 bullfrogs (Lair:6)
  A wight (D:8)
  2 electric eels
  A quasit (D:12)
  An orc priest (Orc:2)
  A centaur zombie (D:7)
  A howler monkey skeleton (D:7)
  2 adder zombies (Ossuary)
  3 orcs
52 creatures vanquished.

Vanquished Creatures (others)
  A deep elf death mage (Elf:3)
  2 dancing weapons (Elf:3)
  A deep elf pyromancer (Elf:3)
  A human (D:7)
  53 fungi
  132 plants
190 creatures vanquished.

Grand Total: 1168 creatures vanquished

Notes
Turn   | Place    | Note
-------+----------+-------------------------------------------
     0 | D:1      | mandarbmax the Demonspawn Venom Mage began the quest for
                  | the Orb.
     0 | D:1      | Reached XP level 1. HP: 13/13 MP: 3/3
   381 | D:1      | Gained mutation: You are partially covered in rugged brown
                  | scales. (AC +1, +3% HP) [demonic ancestry]
   381 | D:1      | Reached XP level 2. HP: 11/19 MP: 1/5
   700 | D:1      | Identified the Incunabulum of Ashen Necromancy
   719 | D:1      | Found Ceseatup's Antique Armour Emporium.
  1357 | D:1      | Found a faded altar of an unknown god.
  1453 | D:2      | Reached XP level 3. HP: 19/24 MP: 0/6
  1660 | D:2      | Learned a level 2 spell: Poisonous Vapours
  1713 | D:2      | Learned a level 3 spell: Ignite Poison
  1851 | D:2      | Reached skill level 1 in Transmutations
  2086 | D:2      | Found Fazireim's Antique Weapon Emporium.
  2622 | D:3      | Reached XP level 4. HP: 29/30 MP: 0/7
  2910 | D:3      | Reached skill level 5 in Poison Magic
  3409 | D:3      | Reached XP level 5. HP: 29/36 MP: 1/8
  3967 | D:4      | Found a transporter.
  3967 | D:4      | Noticed streetpizza's ghost (amateur MfGl)
  3977 | D:4      | Noticed a black bear
  3979 | D:4      | Noticed a black bear
  3994 | D:4      | Killed a black bear
  4092 | D:4      | Found a transporter.
  4207 | D:4      | Gained mutation: You may rarely emit foul miasma when
                  | damaged in melee. [demonic ancestry]
  4207 | D:4      | Reached XP level 6. HP: 42/42 MP: 4/9
  4284 | D:3      | Learned a level 3 spell: Mephitic Cloud
  4480 | D:4      | Found a burning altar of Makhleb.
  4689 | D:4      | Noticed Menkaure
  4696 | D:4      | Noticed Eustachio
  4696 | D:4      | Noticed Grinder
  4833 | D:4      | Found a blossoming altar of Fedhas.
  4964 | D:4      | Killed Eustachio
  4965 | D:4      | Gained mutation: You have large cloven feet. [demonic
                  | ancestry]
  4965 | D:4      | Reached XP level 7. HP: 26/47 MP: 1/10
  5898 | D:5      | Entered Level 5 of the Dungeon
  5898 | D:5      | Found a hazy altar of Hepliaklqana.
  5956 | D:5      | Noticed Blork the orc
  5960 | D:5      | Killed Blork the orc
  6052 | D:5      | Learned a level 1 spell: Animate Skeleton
  6277 | D:5      | Reached skill level 1 in Fire Magic
  6793 | D:5      | Reached skill level 1 in Shields
  7010 | D:5      | Found an ornate altar of the Wu Jian Council.
  7655 | D:6      | Reached XP level 8. HP: 37/53 MP: 0/11
  7957 | D:6      | Reached skill level 1 in Armour
  8049 | D:6      | Found a sacrificial altar of Ru.
  8423 | D:6      | Noticed Edmund
  8441 | D:6      | Killed Edmund
  8555 | D:6      | Found Ewysodyl's Weapon Shop.
  8710 | D:6      | Found a shimmering blue altar of Sif Muna.
  8987 | D:6      | Noticed Prince Ribbit
  8993 | D:6      | Killed Prince Ribbit
  9210 | D:6      | Gained mutation: A weak demonic guardian rushes to your
                  | aid. [demonic ancestry]
  9210 | D:6      | Reached XP level 9. HP: 50/58 MP: 10/14
  9316 | D:6      | Learned a level 4 spell: Olgreb's Toxic Radiance
  9434 | D:7      | Found a sand-covered staircase.
  9456 | Ossuary  | Entered an ossuary
  9645 | Ossuary  | Reached skill level 1 in Fighting
 10537 | D:7      | Noticed a komodo dragon
 10619 | D:7      | Killed a komodo dragon
 10620 | D:7      | Reached skill level 5 in Spellcasting
 10883 | D:7      | Noticed a skeletal warrior
 11143 | D:7      | Found an ancient bone altar of Kikubaaqudgha.
 11167 | D:7      | Noticed Duvessa
 11167 | D:7      | Noticed Dowan
 11173 | D:7      | Killed Dowan
 11175 | D:7      | Killed Duvessa
 11295 | D:7      | Found a staircase to the Ecumenical Temple.
 11303 | Temple   | Entered the Ecumenical Temple
 11435 | Temple   | Became a worshipper of Ashenzari the Shackled
 11435 | Temple   | Identified a scroll of acquirement
 11436 | Temple   | Acquired the ring of Ubetz {rPois Dex+3}
 11605 | D:7      | Found a radiant altar of Vehumet.
 11633 | D:7      | Found Virobb's Jewellery Shop.
 11764 | D:7      | Noticed Joseph
 11773 | D:7      | Killed Joseph
 11774 | D:7      | Reached skill level 5 in Fighting
 11774 | D:7      | Gained mutation: You sometimes emit foul miasma when
                  | damaged in melee. [demonic ancestry]
 11774 | D:7      | Reached XP level 10. HP: 73/76 MP: 1/19
 12081 | D:7      | Killed a skeletal warrior
 12353 | D:7      | Noticed a boulder beetle
 12355 | D:7      | Reached skill level 5 in Necromancy
 12502 | D:7      | Killed a boulder beetle
 13125 | D:8      | Identified the +5 dagger of Indomitability {venom, Str+4
                  | Dex+3}
 13430 | D:8      | Noticed a manticore
 13434 | D:8      | Killed a manticore
 13557 | D:8      | Reached skill level 5 in Dodging
 13566 | D:8      | Reached skill level 5 in Armour
 14738 | D:8      | Identified the +10 falchion of the Real Monster {protect,
                  | Str+3}
 15222 | D:9      | Reached * piety under Ashenzari
 15236 | D:9      | Noticed a two-headed ogre
 15244 | D:9      | Killed a two-headed ogre
 15245 | D:9      | Gained mutation: You have hoof-like feet. [demonic
                  | ancestry]
 15245 | D:9      | Reached XP level 11. HP: 53/86 MP: 6/21
 15798 | D:9      | Found a snail-covered altar of Cheibriados.
 15833 | D:9      | Reached ** piety under Ashenzari
 15839 | D:9      | Learned a level 4 spell: Animate Dead
 15842 | D:9      | Found a staircase to the Orcish Mines.
 16311 | D:10     | Entered Level 10 of the Dungeon
 16413 | D:10     | Noticed Fannar
 16429 | D:10     | Killed Fannar
 16553 | D:10     | Found an iron altar of Okawaru.
 17033 | D:10     | Found a staircase to the Lair.
 17033 | D:10     | Noticed a death yak
 17046 | D:10     | Killed a death yak
 17119 | D:10     | Noticed a death yak
 17122 | D:10     | Noticed a death yak
 17128 | D:10     | Killed a death yak
 17133 | D:10     | Killed a death yak
 17641 | D:10     | Found a stormy altar of Qazlal.
 17728 | D:10     | Reached *** piety under Ashenzari
 17989 | Orc:1    | Entered Level 1 of the Orcish Mines
 17991 | Orc:1    | Noticed Sonja
 17995 | Orc:1    | Killed Sonja
 18383 | Orc:1    | Reached skill level 5 in Transmutations
 18620 | Orc:1    | Gained mutation: A demonic guardian rushes to your aid.
                  | [demonic ancestry]
 18620 | Orc:1    | Reached XP level 12. HP: 92/98 MP: 9/25
 18914 | Orc:1    | Reached **** piety under Ashenzari
 18927 | Orc:1    | Found Inurron's Weapon Shop.
 19158 | Orc:2    | Entered Level 2 of the Orcish Mines
 19159 | Orc:2    | Noticed a two-headed ogre
 19163 | Orc:2    | Killed a two-headed ogre
 19290 | Orc:2    | Noticed a two-headed ogre
 19297 | Orc:2    | Killed a two-headed ogre
 19464 | Orc:2    | Noticed a two-headed ogre
 19468 | Orc:2    | Killed a two-headed ogre
 19475 | Orc:2    | Learned a level 5 spell: Agony
 19607 | Orc:2    | Noticed an ettin
 19617 | Orc:2    | Killed an ettin
 19844 | Orc:2    | Noticed an orc high priest
 19851 | Orc:2    | Killed an orc high priest
 19852 | Orc:2    | Reached skill level 1 in Long Blades
 19885 | Orc:2    | Reached skill level 1 in Short Blades
 20095 | Orc:2    | Reached skill level 5 in Stealth
 20404 | Orc:2    | Found Etaoda's Distillery.
 20404 | Orc:2    | Noticed an orc high priest
 20412 | Orc:2    | Killed an orc high priest
 20540 | Orc:2    | Found Mausmeynt's Weapon Shop.
 20674 | Orc:2    | Noticed a two-headed ogre
 20681 | Orc:2    | Killed a two-headed ogre
 21019 | Orc:2    | Identified the ring "Bokheess" {Will+ Int+3}
 21059 | Orc:2    | Noticed an orc warlord
 21063 | Orc:2    | Paralysed by an orc sorcerer for 6 turns
 21604 | Orc:2    | Gained mutation: You are mostly covered in rugged brown
                  | scales. (AC +2, +5% HP) [demonic ancestry]
 21604 | Orc:2    | Reached XP level 13. HP: 99/108 MP: 6/27
 21797 | Orc:2    | Reached skill level 10 in Dodging
 22052 | Orc:2    | Killed an orc warlord
 22491 | Orc:2    | Found Evyfam's Antique Armour Shop.
 22552 | Orc:2    | Found Epnaosch's Assorted Antiques.
 22989 | Orc:2    | Found a staircase to the Elven Halls.
 23181 | Orc:2    | Bought a pair of boots for 121 gold pieces
 23186 | Orc:2    | Bought a dyed leather armour for 135 gold pieces
 23186 | Orc:2    | Bought a twisted chain mail for 256 gold pieces
 23186 | Orc:2    | Identified the +6 chain mail "Gaggohan" {rN++} (You bought
                  | it in a shop on level 2 of the Orcish Mines)
 23306 | Lair:1   | Entered Level 1 of the Lair of Beasts
 23589 | Lair:1   | Found a runed translucent gate.
 23590 | Lair:1   | Found a runed translucent gate.
 23591 | Lair:1   | Found a runed translucent gate.
 23596 | Lair:1   | Noticed oc3rt's ghost (journeyman TeCj)
 23601 | Lair:1   | Reached ***** piety under Ashenzari
 24498 | Lair:1   | Reached skill level 10 in Poison Magic
 24887 | Lair:1   | Killed oc3rt's ghost
 25355 | Lair:2   | Found a staircase to the Shoals.
 25971 | Lair:2   | Identified the +1 leather armour of Patience {rF+ Int+4}
 26003 | Lair:2   | Identified the +2 helmet of the Miller {-Tele Int+5}
 26479 | Lair:3   | Identified the +0 pair of gloves "Weupruov" {Will++ Int-2
                  | Dex+5}
 26489 | Lair:3   | Gained mutation: You are completely covered in rugged brown
                  | scales. (AC +3, +7% HP) [demonic ancestry]
 26489 | Lair:3   | Reached XP level 14. HP: 113/123 MP: 12/30
 27148 | Lair:3   | Found a hole to the Spider Nest.
 27886 | Lair:4   | Reached skill level 5 in Shields
 28020 | Lair:4   | Identified the +3 scale mail "Soennul" {rC+ Str-4 Dex+5}
 28934 | Lair:5   | Found a dark tunnel.
 29031 | Volcano  | Entered a volcano
 29731 | Volcano  | Found a bloodstained altar of Trog.
 30277 | Lair:5   | Noticed Josephine
 30298 | Lair:5   | Killed Josephine
 31328 | Lair:6   | Entered Level 6 of the Lair of Beasts
 31517 | Lair:6   | Reached skill level 10 in Shields
 31710 | Lair:6   | Reached XP level 15. HP: 100/128 MP: 2/31
 31902 | Lair:6   | Noticed Kirke
 31911 | Lair:6   | Killed Kirke
 32382 | Lair:6   | Identified the +1 scale mail of the Harvest {Harm rElec rF-
                  | Dex+4}
 32383 | Lair:6   | Identified the +2 leather armour of Stained Lucidity {Drain
                  | rC+ Str+3 SInv}
 32737 | Lair:6   | Found a viscous altar of Jiyva.
 32742 | Lair:6   | Found a staircase to the Slime Pits.
 32996 | Lair:6   | Reached ****** piety under Ashenzari
 33287 | D:11     | Noticed Urug
 33292 | D:11     | Killed Urug
 34016 | D:12     | Found a runed translucent door.
 34021 | D:12     | Identified the +7 hand axe of Syidwos {vorpal, Str+8 Int-5
                  | SInv}
 34022 | D:12     | Identified the amulet of Nynaocva {RegenMP Slay+3}
 34022 | D:12     | Noticed a fire giant
 34052 | D:12     | Found a transporter.
 34055 | D:12     | Noticed Erudite's ghost (novice NaGl)
 34186 | D:12     | Found a basalt altar of Yredelemnul.
 34208 | D:12     | Reached skill level 10 in Armour
 34310 | D:12     | Found a transporter.
 34812 | D:4      | Killed streetpizza's ghost
 34871 | D:4      | Killed Grinder
 35049 | D:12     | Gained mutation: You do not regenerate when monsters are
                  | visible. [a neqoxec]
 35068 | D:12     | Gained mutation: You are robust. (+10% HP) [a neqoxec]
 35070 | D:12     | Gained mutation: Your body sometimes deteriorates upon
                  | taking damage. [a neqoxec]
 35126 | D:12     | Killed Erudite's ghost
 35147 | D:12     | Lost mutation: You are robust. (+10% HP) [potion of
                  | mutation]
 35147 | D:12     | Lost mutation: Your body sometimes deteriorates upon taking
                  | damage. [potion of mutation]
 35147 | D:12     | Gained mutation: You are strong-willed. (Will+) [potion of
                  | mutation]
 35147 | D:12     | Gained mutation: You tend to lose your temper in combat.
                  | [potion of mutation]
 35148 | D:12     | Lost mutation: You are strong-willed. (Will+) [potion of
                  | mutation]
 35148 | D:12     | Lost mutation: You tend to lose your temper in combat.
                  | [potion of mutation]
 35148 | D:12     | Gained mutation: You expend magic power (3 MP) to
                  | strengthen your wands. [potion of mutation]
 35148 | D:12     | Gained mutation: Your muscles are strong. (Str +2) [potion
                  | of mutation]
 35148 | D:12     | Gained mutation: Your flesh is heat resistant. (rF+)
                  | [potion of mutation]
 35148 | D:12     | Gained mutation: Your flesh is cold resistant. (rC+)
                  | [potion of mutation]
 36110 | D:13     | Reached skill level 1 in Evocations
 36164 | D:13     | Found a gate to the Vaults.
 37100 | D:14     | Reached skill level 5 in Evocations
 37495 | D:14     | Found a shimmering altar of Xom.
 37822 | D:14     | Learned a level 7 spell: Dragon Form
 37823 | D:14     | Identified the cursed +2 cloak of Ashenzari's Ennui {Elem,
                  | Cun} (You found it on level 3 of the Lair of Beasts)
 37823 | D:14     | Identified the cursed +0 helmet of the Oracular Vision
                  | {Int+3, Range, Fort} (You found it on level 1 of the Lair
                  | of Beasts)
 37823 | D:14     | Identified the cursed +1 pair of boots of Apeoromancy
                  | {Stlth+, Self, Fort} (You found it in a volcano)
 37823 | D:14     | Identified the cursed +3 kite shield "Overhang to
                  | Understand" {rPois, Elem, Bglg} (You took it off a gnoll
                  | sergeant on level 8 of the Dungeon)
 37831 | D:14     | Learned a level 5 spell: Irradiate
 37837 | D:14     | Learned a level 5 spell: Yara's Violent Unravelling
 37921 | D:14     | Identified the +8 ring mail "Tysheubopp" {+Blink rF+ rN+
                  | rCorr}
 38069 | D:7      | Bought the ring "Quostikeb" {Will++ EV+4} for 616 gold
                  | pieces
 38265 | D:15     | Entered Level 15 of the Dungeon
 38330 | D:15     | Found a gate leading to a gauntlet.
 38337 | D:15     | Reached skill level 1 in Conjurations
 38359 | D:15     | Reached skill level 1 in Hexes
 38369 | Gauntlet | Entered a Gauntlet
 38369 | Gauntlet | Found a transporter.
 38369 | Gauntlet | Found a transporter.
 38373 | Gauntlet | Found a transporter.
 38373 | Gauntlet | Found a transporter.
 38382 | Gauntlet | Found a transporter.
 38389 | Gauntlet | Found a transporter.
 38399 | Gauntlet | Found a transporter.
 38399 | Gauntlet | Found a transporter.
 38401 | Gauntlet | Identified the +3 broad axe "Kozec" {vorpal, Fly}
 38402 | Gauntlet | Found a transporter.
 38429 | Gauntlet | Found a transporter.
 38438 | Gauntlet | Found a transporter.
 38480 | Gauntlet | Found a transporter.
 38495 | Gauntlet | Found a transporter.
 38514 | Gauntlet | Found a transporter.
 38615 | Gauntlet | Found a transporter.
 38631 | Gauntlet | Found a transporter.
 38632 | Gauntlet | Identified the +0 robe of Pofucy {*Corrode rF+ Str+4
                  | Stlth+}
 39222 | Gauntlet | Noticed a frost giant
 39321 | Gauntlet | Identified the ring of Gocadd {AC+4 Dex+3}
 39400 | Gauntlet | Gained mutation: Your body sometimes deteriorates upon
                  | taking damage. [mutagenic glow]
 39430 | Gauntlet | Gained mutation: You are frail. (-10% HP) [mutagenic glow]
 39444 | Gauntlet | Gained mutation: Your spells are a little easier to cast,
                  | but a little less powerful. [mutagenic glow]
 39894 | D:15     | Found a staircase to the Depths.
 39909 | D:15     | Gained mutation: You have hooves in place of feet. [demonic
                  | ancestry]
 39909 | D:15     | Reached XP level 16. HP: 91/121 MP: 29/29
 40032 | D:15     | Gained mutation: Your magical capacity is low. (-10% MP)
                  | [you]
 40210 | D:15     | Identified the ring "Trusted Companion" {rC+ AC+4 Int+5
                  | Stlth-}
 40681 | D:15     | Found Geghomyer's General Store.
 41019 | Elf:1    | Entered Level 1 of the Elven Halls
 42112 | Elf:1    | Reached skill level 5 in Conjurations
 42207 | Elf:1    | Reached skill level 10 in Fighting
 42564 | Elf:1    | Lost mutation: Your muscles are strong. (Str +2) [potion of
                  | mutation]
 42564 | Elf:1    | Lost mutation: Your spells are a little easier to cast, but
                  | a little less powerful. [potion of mutation]
 42564 | Elf:1    | Lost mutation: You are frail. (-10% HP) [potion of
                  | mutation]
 42564 | Elf:1    | Gained mutation: You occasionally shout uncontrollably at
                  | your foes. [potion of mutation]
 42564 | Elf:1    | Gained mutation: Potions are less effective at restoring
                  | your health. [potion of mutation]
 42564 | Elf:1    | Gained mutation: You have a somewhat thin skeletal
                  | structure. (Dex +2, Stealth+) [potion of mutation]
 43191 | Elf:2    | Found Jepuhan's Antique Weapon Shoppe.
 43194 | Elf:2    | Found Awkaqaj's Antique Armour Emporium.
 43194 | Elf:2    | Found Sekit's Distillery.
 43197 | Elf:2    | Found Gouj's Antique Weapon Emporium.
 43208 | Elf:2    | Bought a smouldering helmet for 332 gold pieces
 43208 | Elf:2    | Identified the +0 helmet "Boana" {Rampage} (You bought it
                  | in a shop on level 2 of the Elven Halls)
 44008 | Elf:2    | Found a huge runed translucent gate.
 44008 | Elf:2    | Found a huge runed translucent gate.
 44008 | Elf:2    | Found a huge runed translucent gate.
 44008 | Elf:2    | Found a huge runed translucent gate.
 44008 | Elf:2    | Found a huge runed translucent gate.
 44905 | Elf:2    | Gained mutation: A powerful demonic guardian rushes to your
                  | aid. [demonic ancestry]
 44905 | Elf:2    | Reached XP level 17. HP: 108/132 MP: 17/27
 45433 | Elf:2    | Noticed a deep elf blademaster
 45442 | Elf:2    | Killed a deep elf blademaster
 46042 | Elf:3    | Entered Level 3 of the Elven Halls
 46562 | Elf:3    | Found Hoxky's General Store.
 46627 | Elf:3    | Bought a box of beasts for 720 gold pieces
 46627 | Elf:3    | Bought a potion of mutation for 144 gold pieces
 46810 | Elf:3    | Lost mutation: Your magical capacity is low. (-10% MP)
                  | [potion of mutation]
 46810 | Elf:3    | Lost mutation: Your body sometimes deteriorates upon taking
                  | damage. [potion of mutation]
 46810 | Elf:3    | Lost mutation: Potions are less effective at restoring your
                  | health. [potion of mutation]
 46841 | Elf:3    | Noticed a deep elf blademaster
 46844 | Elf:3    | Noticed a deep elf blademaster
 46844 | Elf:3    | Noticed a deep elf master archer
 46853 | Elf:3    | Killed a deep elf master archer
 46854 | Elf:3    | Killed a deep elf blademaster
 46857 | Elf:3    | Noticed a deep elf blademaster
 46859 | Elf:3    | Killed a deep elf blademaster
 46860 | Elf:3    | Noticed a deep elf master archer
 46862 | Elf:3    | Noticed a deep elf blademaster
 46871 | Elf:3    | Killed a ghostly deep elf blademaster
 46871 | Elf:3    | Killed a deep elf blademaster
 46872 | Elf:3    | Reached skill level 10 in Stealth
 46875 | Elf:3    | Slain by an earth elemental

Illustrated notes

Levels and vault maps discovered:
D:1:      dpeg_arrival_simpleton_a, layout_loops_ring, serial_shops, shop,
          shapermc_ecumenical_altar_hornbeckon
D:2:      layout_loops_ring, serial_shops, shop_fountains
D:3:      layout_basic, minmay_diced_spiral
D:4:      layout_cave_pools, kennysheep_little_box, kennysheep_mini,
          gammafunk_ghost_mausoleum, uniq_eustachio, uniq_grinder, uniq_menkaure
D:5:      layout_loops_corners, amcnicky_altar_gilded,
          nicolae_hepliaklqana_hazy_memory, uniq_blork_the_orc
D:6:      layout_basic, nicolae_overflow_hidden_temple,
          nicolae_overflow_crystal_walls, serial_shops, shop,
          uniq_prince_ribbit1, uniq_edmund
D:7:      nzn_winding_woodlands_stair_cross
          [nzn_winding_woodlands_5x15_concentric,
          nzn_winding_woodlands_center_lodge,
          nzn_winding_woodlands_5x15_pathside_ponds,
          nzn_winding_woodlands_5x5_three,
          nzn_winding_woodlands_5x5_closed_star,
          nzn_winding_woodlands_5x15_river_crossing,
          nzn_winding_woodlands_center_diamonds,
          nzn_winding_woodlands_5x15_lazy_stream], layout_loops_ring,
          tgw_kikubaaqudgha, vehumet_statue, minmay_temple_entry_glass,
          nicolae_ossuary_entry_catacombs, serial_shops, shop_fountains,
          uniq_joseph, uniq_duvessa
D:8:      layout_cave_pools, serial_gnoll_camp, gnoll_camp_mini_sergeant,
          gnoll_camp_mini_hut, gnoll_camp_mini_loothouse, gnoll_camp_medium_02,
          gnoll_camp_huts_basic
D:9:      layout_stronghold, lemuel_tele_altar,
          kennysheep_orc_monster_closet_entryway
D:10:     layout_small_grid, okawaru_metal_pillars_1_2,
          overflow_temple_1_default, dpeg_lair_monsters,
          serial_co_window_serial, co_window_paths_a, co_window_paths_b,
          co_window_paths_a, co_window_of_opportunity_a, co_window_paths_b,
          co_window_of_opportunity_a, co_window_paths_a, co_window_broadway_b,
          co_window_of_opportunity_c, co_window_unsneaky_path_e,
          glass_columns_a, glass_columns_c, glass_columns_c, uniq_fannar
D:11:     layout_roguey, uniq_urug
D:12:     minmay_gate_of_8, layout_loops_ring, gammafunk_ghost_stat_death,
          yredelemnul_altar_generic
D:13:     layout_basic, hangedman_vaults_entry_quadrant_bands
D:14:     layout_long_grid, kennysheep_another_room, xom_teletrap_fun
D:15:     grunt_enter_depths_giant_problem, layout_loops_ring, serial_shops,
          shop, gauntlet_entry_generic, nicolae_benzene_ring
Temple:   minmay_temple_curvy_loop
Lair:1:   layout_gridlike, gammafunk_ghost_necromancy
Lair:2:   layout_gridlike, minmay_shoals_entry_beasts, serial_bayou_pond_b,
          beast_lair_carwin_3
Lair:3:   layout_roguey, nicolae_spider_entry_non_spiders,
          nicolae_quartered_pool_medium, lemuel_fruit_fields,
          lemuel_fruit_fields, grunt_megastairs_4
Lair:4:   layout_layer_cave, forest_entry_grove
Lair:5:   layout_hall_layers, lightli_volcano_entry_magma_tube,
          chequers_serial_rivers_small_b, ldierk_geyser, grunt_megastairs_3,
          lemuel_fruit_tree, uniq_josephine
Lair:6:   minmay_lair_end_frog_pond, layout_long_grid, slime_altar_1,
          serial_bayou_pond_e, uniq_kirke
Orc:1:    layout_caves, serial_shops, shop, lemuel_statue_altar,
          nicolae_orc_stony_grotto, uniq_sonja
Orc:2:    pubby_orc_utopia, serial_shops
Elf:1:    layout_gridlike, minmay_elf_crystal_hexagon, st_stairs_10
Elf:2:    layout_loops_corners, elves_outpost_lemuel, lemuel_elevator,
          minmay_shoptagon
Elf:3:    minmay_elf_hall_circle, layout_geoelf_octagon, serial_shops, shop

Skill      XL: |  1  2  3  4  5  6  7  8  9 10 11 12 13 14 15 16 17 |
---------------+----------------------------------------------------+-----
Poison Magic   | 4 5 6 8 9 11 12 | 12.6
Transmutations | 1 2 5 7 |  7.2
Dodging        | 2 4 6 8 9 11 12 | 12.3
Fire Magic     | 2 |  2.0
Shields        | 1 4 10 12 | 12.3
Armour         | 4 6 7 8 10 | 10.2
Spellcasting   | 3 6 |  6.9
Fighting       | 5 6 8 10 | 10.5
Necromancy     | 2 6 7 |  7.2
Stealth        | 4 7 10 | 10.5
Long Blades    | 1 |  1.7
Short Blades   | 1 |  1.8
Evocations     | 5 7 |  7.5
Conjurations   | 2 5 |  5.0
Hexes          | 1 |  1.6

Action                   |  1- 3 |  4- 6 |  7- 9 | 10-12 | 13-15 | 16-18 || total
-------------------------+-------+-------+-------+-------+-------+-------++-------
Melee: Dagger            |    26 |     2 |       |   197 |  1490 |   247 ||  1962
       Unarmed           |     6 |       |       |       |       |       ||     6
       Whip              |       |    35 |   250 |    86 |       |       ||   371
       Kick              |       |       |    73 |   105 |    17 |   103 ||   298
 Cast: Sting             |    79 |    26 |    34 |    48 |    68 |     3 ||   258
       Poisonous Vapours |       |    49 |    44 |    95 |    88 |    47 ||   323
       Mephitic Cloud    |       |     1 |    29 |    22 |    52 |     4 ||   108
       Ignite Poison     |       |     1 |    24 |    65 |   103 |    33 ||   226
       Animate Skeleton  |       |       |     3 |    10 |       |       ||    13
       Olgreb's Toxic Ra |       |       |     2 |    47 |    57 |    17 ||   123
       Animate Dead      |       |       |       |    15 |    51 |     7 ||    73
       Agony             |       |       |       |       |     2 |     1 ||     3
       Irradiate         |       |       |       |       |     8 |    41 ||    49
       Dragon Form       |       |       |       |       |     1 |       ||     1
       Yara's Violent Un |       |       |       |       |       |     2 ||     2
Invok: Curse Item        |       |       |       |     7 |     9 |     2 ||    18
       Shatter the Chain |       |       |       |       |     7 |     1 ||     8
 Abil: End Transformatio |       |       |       |       |     1 |       ||     1
       Evoke Invisibilit |       |       |       |       |       |     4 ||     4
Evoke: Wand              |       |       |     1 |     1 |       |     1 ||     3
       Box of beasts     |       |       |       |       |       |     1 ||     1
       Tin of tremorston |       |       |       |       |       |     1 ||     1
  Use: Scroll            |       |     1 |    10 |     3 |     5 |     1 ||    20
       Potion            |       |       |     6 |       |     5 |     4 ||    15
 Stab: Confused          |       |       |     5 |     1 |     4 |       ||    10
       Sleeping          |       |       |     1 |    12 |    31 |    24 ||    68
       Distracted        |       |       |     1 |     1 |     5 |     3 ||    10
       Petrified         |       |       |       |       |     1 |       ||     1
       Invisible         |       |       |       |       |     5 |     6 ||    11
Armor: Robe              |    15 |     3 |    14 |       |       |       ||    32
       Ring mail         |       |    11 |    53 |    56 |    31 |       ||   151
       Leather armour    |       |       |       |       |   169 |    26 ||   195
Dodge: Dodged            |    53 |    28 |    93 |   134 |   636 |   144 ||  1088
Block: Buckler           |       |       |   136 |   202 |   507 |       ||   845
       Reflection        |       |       |     6 |     9 |    36 |     6 ||    57
       Kite shield       |       |       |       |       |   825 |   256 ||  1081

Table legend: (Time is in decaauts)
 A = Elapsed time spent in this place.
 B = Non-inter-level travel time spent in this place.
 C = Inter-level travel time spent in this place.
 D = Time resting spent in this place.
 E = Time spent auto-exploring this place.
 F = Levels seen in this place.
 G = Mean time per level.
                   A        B        C        D        E       F      G
               +--------+--------+--------+--------+--------+-----+--------+
         Total |  46643 |  44360 |   2283 |  14020 |  22197 |  30 | 1554.8 |
       Dungeon |  23489 |  21809 |   1680 |   5403 |  12536 |  15 | 1565.9 |
        Temple |    277 |    253 |     24 |      0 |    245 |   1 |  277.0 |
          Lair |   8553 |   8258 |    295 |   1928 |   4850 |   6 | 1425.5 |
  Orcish Mines |   5298 |   5096 |    202 |   2224 |   1895 |   2 | 2649.0 |
   Elven Halls |   5832 |   5751 |     81 |   3061 |   1693 |   3 | 1944.0 |
       Ossuary |    529 |    529 |      0 |    106 |    297 |   1 |  529.0 |
       Volcano |   1192 |   1192 |      0 |    458 |    402 |   1 | 1192.0 |
      Gauntlet |   1470 |   1470 |      0 |    840 |    279 |   1 | 1470.0 |
               +--------+--------+--------+--------+--------+-----+--------+

Top non-repeatable levels by time:
   Orc:2: 3917 daAuts
     D:7: 2896 daAuts
   Elf:2: 2878 daAuts
     D:6: 2306 daAuts
     D:3: 2147 daAuts
   Elf:1: 2133 daAuts
     D:8: 1823 daAuts
     D:5: 1753 daAuts
    D:10: 1740 daAuts
  Lair:6: 1723 daAuts
  Lair:1: 1704 daAuts
     D:4: 1611 daAuts
    D:14: 1530 daAuts
  Lair:2: 1487 daAuts
Gauntlet: 1470 daAuts
